Map: Oxide LE

Players

Cyan - Winner!

  • Race: Protoss Protoss
  • Spawn Location: 7:00

Scarlett

  • Race: Zerg Zerg
  • Spawn Location: 1:00

Event: IEM Katowice 2021

VOD

Have the link to the VOD?

Description

Time

  • Played on: Feb. 20, 2021, 9:32 a.m.
  • Length: 15:30

All games in this series

Show
View Real Time Build Order
Export as new Build Order

Cyan Protoss - Winner!

Build Orders: 1 Gate Expand, Oracle Opening 

Get SALT Encoding   

  12  0:00  Probe  
  13  0:12  Probe  
  14  0:19  Pylon  
  14  0:24  Probe  
  15  0:37  Probe (Chrono Boost)  
  15  0:40  Gateway  
  16  0:47  Probe (Chrono Boost)  
  16  0:49  Assimilator  
  17  0:52  Probe (Chrono Boost)  
  18  1:03  Probe  
  19  1:15  Probe  
  20  1:27  Nexus  
  20  1:37  Cybernetics Core  
  20  1:40  Probe  
  20  1:45  Assimilator  
  21  1:52  Probe  
  22  1:56  Pylon  
  22  2:04  Probe (Chrono Boost)  
  23  2:11  Adept (Chrono Boost)  
  23  2:14  Warp Gate  
  26  2:16  Probe (Chrono Boost)  
  26  2:22  Probe (Chrono Boost)  
  26  2:25  Stargate  
  27  2:32  Probe (Chrono Boost)  
  27  2:36  Stalker  
  30  2:40  Probe (Chrono Boost)  
  32  2:48  Probe x2 (Chrono Boost)  
  33  2:55  Probe  
  33  2:56  Gateway  
  33  2:58  Probe  
  35  3:06  Oracle (Chrono Boost)  
  35  3:07  Probe  
  35  3:11  Probe  
  40  3:14  Pylon  
  40  3:18  Adept  
  42  3:20  Probe  
  42  3:23  Probe  
  44  3:32  Void Ray, Probe  
  45  3:35  Probe  
  45  3:39  Pylon  
  50  3:44  Probe  
  50  3:47  Probe  
  52  3:56  Probe  
  52  4:00  Probe, Nexus  
  54  4:06  Pylon  
  54  4:08  Probe  
  55  4:11  Gateway  
  55  4:15  Gateway  
  55  4:16  Probe  
  56  4:20  Probe  
  57  4:28  Adept, Probe  
  57  4:29  Adept  
  62  4:33  Pylon  
  62  4:35  Probe  
  62  4:37  Assimilator  
  63  4:40  Assimilator  
  63  4:41  Probe  
  63  4:43  Pylon  
  64  4:49  Probe  
  66  5:00  Probe  
  66  5:01  Adept x2  
  66  5:02  Probe  
  66  5:03  Shield Battery  
  69  5:12  Probe  
  69  5:14  Probe  
  69  5:23  Adept x3  
  69  5:26  Twilight Council  
  71  5:29  Forge  
  71  5:30  Probe x3  
  71  5:33  Robotics Facility  
  74  5:35  Sentry  
  74  5:39  Blink  
  74  5:42  Probe x3  
  79  5:44  Sentry x2  
  79  5:45  Zealot  
  79  5:47  Assimilator  
  85  5:51  Assimilator  
  85  5:53  Shield Battery  
  85  5:54  Probe x3  
  85  5:56  Protoss Ground Weapons Level 1 (Chrono Boost)  
  87  6:05  Pylon  
  87  6:06  Probe  
  88  6:11  Gateway  
  88  6:13  Gateway  
  88  6:15  Immortal (Chrono Boost)  
  88  6:16  Probe  
  83  6:18  Sentry x3  
  83  6:19  Probe  
  83  6:21  Gateway  
  83  6:25  Probe  
  91  6:28  Probe  
  91  6:32  Gateway  
  92  6:36  Pylon  
  92  6:37  Probe  
  92  6:39  Sentry  
  95  6:42  Probe  
  95  6:45  Adept  
  97  6:51  Immortal (Chrono Boost)  
  101  6:54  Pylon  
  101  6:55  Probe  
  101  6:58  Stalker  
  104  7:01  Stalker  
  104  7:08  Probe  
  107  7:15  Stalker x5  
  111  7:22  Observer (Chrono Boost)  
  118  7:28  Stalker x3  
  124  7:30  Pylon  
  124  7:31  Pylon  
  124  7:33  Pylon  
  124  7:34  Pylon  
  124  7:48  Warp Prism  
  122  8:01  Stalker x2, Protoss Ground Weapons Level 2 (Chrono Boost)  
  122  8:02  Stalker x6  
  138  8:07  Nexus  
  138  8:09  Photon Cannon  
  138  8:12  Charge  
  135  8:31  Robotics Bay, Robotics Facility  
  135  8:39  Zealot x2  
  133  8:42  Stalker x6  
  143  8:52  Immortal  
  143  8:54  Shield Battery  
  145  8:58  Probe  
  136  9:10  Stalker x7  
  144  9:21  Stalker  
  122  9:39  Stalker x2  
  122  9:40  Stalker x5  
  122  9:42  Probe  
  122  9:45  Probe  
  126  9:54  Colossus (Chrono Boost)  
  126  9:55  Extended Thermal Lance (Chrono Boost)  
  126  9:56  Colossus (Chrono Boost)  
  128  10:05  Zealot x2  
  128  10:09  Stalker x3  
  101  10:35  Protoss Ground Weapons Level 3 (Chrono Boost)  
  101  10:42  Templar Archives  
  91  10:45  Colossus (Chrono Boost)  
  91  10:46  Warp Prism (Chrono Boost)  
  91  10:49  Zealot, Assimilator x2  
  95  10:50  Zealot x6  
  95  10:52  Gateway  
  95  10:54  Shield Battery  
  95  10:55  Gateway  
  107  10:57  Shield Battery  
  107  10:58  Pylon  
  107  11:11  Sentry x2  
  111  11:13  Zealot x5  
  121  11:19  Immortal (Chrono Boost)  
  117  11:28  Gateway  
  117  11:30  Gateway  
  105  11:34  Zealot x2  
  105  11:39  Photon Cannon  
  107  11:40  Shield Battery  
  107  11:41  High Templar x4  
  115  11:47  Gateway, Observer (Chrono Boost)  
  115  11:49  Gateway  
  115  11:51  Archon x2  
  112  12:02  Stalker x2  
  112  12:03  Stalker x2  
  112  12:07  Immortal (Chrono Boost)  
  124  12:13  Immortal (Chrono Boost)  
  128  12:17  High Templar x2  
  128  12:21  Pylon, Archon  
  132  12:22  Zealot  
  132  12:24  Zealot  
  130  12:38  Colossus (Chrono Boost)  
  130  12:39  Dark Shrine  
  130  12:40  Zealot x3  
  142  12:45  Colossus (Chrono Boost)  
  142  12:48  Zealot x3  
  154  12:58  High Templar x2  
  158  12:59  Zealot x4  
  166  13:06  Archon  
  166  13:14  Protoss Shields Level 1 (Chrono Boost)  
  166  13:17  Zealot x6  
  162  13:33  High Templar x4  
  166  13:37  Archon  
  166  13:38  Archon  
  166  13:40  Zealot x8  
  182  13:44  Pylon  
  182  13:45  Pylon  
  182  13:53  Psionic Storm  
  182  14:01  High Templar x3  
  188  14:05  High Templar  
  188  14:06  Zealot x5  
  177  14:24  Archon  
  177  14:26  Archon, Zealot x2  
  177  14:27  Zealot x5  
  188  14:35  Zealot  
  168  14:48  Zealot x7  
  140  15:13  Zealot x5  
  126  15:18  Zealot  
  118  15:26  Zealot  
Show
View Real Time Build Order
Export as new Build Order

Scarlett Zerg 

Build Orders: Hatch First, Swarm Host 

Get SALT Encoding   

  12  0:00  Drone  
  13  0:12  Overlord  
  13  0:17  Drone  
  14  0:30  Drone  
  14  0:31  Drone  
  16  0:43  Drone  
  17  0:52  Hatchery  
  17  0:55  Drone  
  17  0:57  Drone  
  18  1:09  Extractor  
  17  1:12  Spawning Pool  
  17  1:15  Drone  
  17  1:19  Drone  
  18  1:28  Drone  
  19  1:38  Drone  
  20  1:49  Overlord  
  20  1:59  Queen  
  22  2:04  Queen  
  22  2:05  Zergling x2, Drone  
  26  2:11  Drone  
  26  2:15  Drone  
  28  2:16  Metabolic Boost  
  28  2:26  Drone x2  
  30  2:38  Hatchery  
  30  2:39  Zergling x2  
  30  2:43  Drone  
  31  2:45  Overlord  
  31  2:48  Drone  
  32  2:55  Queen  
  32  2:56  Drone  
  35  3:00  Drone  
  35  3:04  Drone  
  37  3:11  Drone  
  38  3:13  Drone x5  
  38  3:19  Overlord, Drone  
  44  3:31  Overlord  
  44  3:36  Queen x2  
  48  3:42  Drone x3  
  48  3:43  Drone  
  48  3:44  Spore Crawler  
  51  3:48  Drone  
  51  3:54  Drone, Spore Crawler  
  52  4:04  Spore Crawler  
  52  4:09  Drone x2  
  56  4:10  Drone x4  
  56  4:13  Overlord  
  56  4:19  Overlord, Drone x3  
  56  4:21  Drone x3  
  62  4:24  Overlord  
  62  4:25  Overlord  
  62  4:31  Overlord  
  62  4:36  Queen  
  62  4:37  Overlord, Drone  
  65  4:42  Roach Warren  
  65  4:45  Drone x4  
  68  4:46  Drone  
  68  4:50  Drone  
  68  4:51  Drone x3  
  73  4:53  Zergling x4  
  71  5:02  Zergling x10  
  65  5:23  Drone x9  
  65  5:25  Drone  
  75  5:34  Drone x2  
  75  5:35  Lair  
  77  5:40  Drone x2  
  77  5:41  Extractor  
  78  5:43  Extractor  
  78  5:46  Extractor  
  78  5:47  Extractor, Drone x3  
  77  5:52  Evolution Chamber  
  77  5:53  Drone  
  77  5:58  Zergling x14  
  81  6:07  Drone x4  
  83  6:14  Drone  
  83  6:15  Drone x2  
  81  6:23  Zerg Missile Weapons Level 1, Drone x6  
  86  6:30  Extractor, Drone x3  
  86  6:32  Drone x3  
  91  6:36  Glial Reconstitution  
  91  6:39  Overlord, Infestation Pit  
  90  6:41  Hatchery  
  90  6:44  Overlord, Drone x2  
  90  6:49  Roach  
  90  6:52  Roach x3  
  98  6:54  Overlord  
  98  7:07  Roach x3  
  104  7:18  Swarm Host  
  104  7:19  Swarm Host x5  
  122  7:26  Overseer, Overlord x3  
  122  7:36  Ravager, Spore Crawler  
  122  7:37  Ravager, Spore Crawler  
  122  7:38  Overlord  
  124  7:46  Ravager x2  
  123  7:56  Swarm Host x7  
  136  8:04  Swarm Host x2  
  142  8:05  Zergling x2  
  142  8:06  Zergling x20  
  142  8:09  Ravager  
  156  8:12  Roach  
  156  8:14  Overlord  
  156  8:24  Overlord  
  156  8:25  Overlord  
  156  8:26  Zerg Missile Weapons Level 2  
  153  8:28  Zergling x2, Roach x3  
  156  8:41  Overlord x2  
  149  8:42  Roach x7  
  161  8:50  Ravager x2  
  161  8:51  Roach x2, Ravager  
  161  8:53  Zergling x10, Roach  
  161  8:54  Zergling x2  
  170  9:09  Roach x8  
  172  9:16  Roach  
  172  9:17  Roach x4  
  171  9:21  Zergling x2, Roach x4  
  171  9:22  Hatchery  
  172  9:36  Roach x8  
  169  9:44  Roach x4  
  155  9:59  Zergling x6, Roach x6  
  144  10:08  Roach  
  144  10:09  Zergling x4, Roach  
  146  10:20  Zergling x2, Roach x3  
  129  10:32  Swarm Host x4  
  123  10:44  Drone x3  
  123  10:45  Drone  
  123  10:49  Hive, Queen x2  
  130  10:50  Zerg Ground Armor Level 1  
  130  10:56  Swarm Host x3  
  138  11:05  Roach x4  
  141  11:29  Hatchery  
  140  11:35  Overlord x2  
  140  11:37  Queen  
  142  11:40  Overseer  
  142  11:42  Extractor  
  142  11:43  Extractor, Drone x3  
  142  11:44  Drone x3  
  142  11:45  Drone x4, Ravager  
  142  11:46  Ravager x7  
  158  12:06  Viper  
  158  12:08  Viper  
  161  12:10  Zergling x26  
  161  12:12  Queen  
  179  12:23  Viper  
  179  12:25  Roach x4  
  190  12:40  Spine Crawler  
  190  12:41  Spore Crawler  
  188  12:49  Zerg Missile Weapons Level 3  
  188  12:53  Roach x5  
  190  13:19  Roach x5  
  195  13:42  Hydralisk Den  
  184  13:57  Roach x8  
  190  14:25  Roach x5  
  177  14:41  Overlord x2  
  177  14:42  Roach  
  177  14:43  Roach x3  
  157  14:54  Roach x3, Ravager x3  
  157  14:55  Ravager x3  
  151  15:07  Roach x3  

Tags
 
Add a new tag
Caveats
  • Supply blocks, unpowered buildings, or Contaminate may cause inaccurate times.
  • Supply counts are checked every 10 seconds.